 Dungeon Crawl Stone Soup version 0.20-a0-1122-gb7cbeb9 (webtiles) character file.

11074 Kurtz the Basher (level 11, 0/75 HPs)
             Began as a Mummy Abyssal Knight on May 13, 2017.
             Was a Priest of Lugonu.
             Slain by a two-headed ogre
             ... wielding a +0 giant spiked club
              (20 damage)
             ... on level 11 of the Dungeon.
             The game lasted 00:30:12 (18863 turns).

Kurtz the Basher (Mummy Abyssal Knight)            Turns: 18863, Time: 00:30:13

Health: 0/75       AC:  9    Str: 17    XL:     11   Next: 44%
Magic:  0/16       EV: 11    Int: 11    God:    Lugonu [***...]
Gold:   134        SH:  0    Dex: 14    Spells: 10/10 levels left

rFire    x . .     SeeInvis .   z - +3 mace
rCold    + . .     Gourm    .   (no shield)
rNeg     + + +     Faith    .   P - +0 troll leather armour
rPois    ∞         Spirit   +   c - +2 helmet
rElec    .         Reflect  .   (no cloak)
rCorr    +         Harm     .   y - +0 pair of gloves
MR       +....                  J - +0 pair of boots
Stlth    +.........             E - amulet of guardian spirit
Regen    0.7/turn               j - ring of wizardry
MPRegen  0.2/turn               I - ring of resist corrosion

@: no status effects
A: no food or potions, fire vulnerability, cold resistance 1, negative energy
resistance 3, torment resistance, unbreathing
a: Depart the Abyss, Bend Space, Banish, Renounce Religion


You were on level 11 of the Dungeon.
You worshipped Lugonu.
Lugonu was most pleased with you.
You were not hungry.

You visited 1 branch of the dungeon, and saw 11 of its levels.
You visited the Abyss 1 time.

You collected 589 gold pieces.
You spent 455 gold pieces at shops.

Inventory:

Hand Weapons
 a - a +1 mace
 h - a +1 whip of freezing
 l - a +0 flail
 s - a +0 mace of protection
 z - a +3 mace (weapon)
 C - a +0 morningstar
 G - a +0 blowgun
 R - the +6 hunting sling of the Saviour {flame, Int+9}
   (You took it off a crimson imp on level 11 of the Dungeon)

   It causes projectiles fired from it to burn those they strike, causing extra
   injury to most foes and up to half again as much damage against particularly
   susceptible opponents.
   It affects your intelligence (+9).
Missiles
 u - 442 stones
 B - 9 javelins (quivered)
 H - 15 poisoned needles
 K - 5 curare-tipped needles
 N - a throwing net
 U - 19 sling bullets
Armour
 b - a +0 leather armour
 c - a +2 helmet (worn)
 f - a +0 plate armour
 v - a +0 chain mail
 y - a +0 pair of gloves (worn)
 F - a +0 ring mail
 J - a +0 pair of boots (worn)
 P - a +0 troll leather armour (worn)
Jewellery
 g - an uncursed ring of ice
 j - a ring of wizardry (left hand)
 m - a +4 ring of intelligence
 n - an uncursed ring of wizardry
 E - an amulet of guardian spirit (around neck)
 I - a ring of resist corrosion (right hand)
 L - an uncursed ring of magical power {unknown}
 Q - an uncursed ring of fire {unknown}
Wands
 q - a wand of lightning (2/15)
 t - a wand of random effects (0/48)
 O - a wand of flame (22/48)
 S - a wand of confusion (32/48)
 T - a wand of paralysis (9/24)
Scrolls
 d - 5 scrolls of enchant armour
 e - 4 scrolls of teleportation
 i - a scroll of magic mapping
 k - 5 scrolls of remove curse
 o - 2 scrolls of immolation
 p - 3 scrolls of amnesia
 r - 4 scrolls of identify
 w - a scroll of summoning
 x - a scroll of random uselessness
 A - 2 scrolls of fear
Books
 D - a book of Clouds

   Spells                             Type                      Level
   a - Poisonous Vapours              Poison/Air                   2
   b - Mephitic Cloud                 Conjuration/Poison/Air       3
   c - Conjure Flame                  Conjuration/Fire             3
   d - Freezing Cloud                 Conjuration/Ice/Air          6
   e - Ring of Flames                 Charms/Fire                  7
 M - a book of Battle

   Spells                             Type                      Level
   a - Infusion                       Charms                       1
   b - Shroud of Golubria             Charms/Translocation         2
   c - Song of Slaying                Charms                       2
   d - Spectral Weapon                Hexes/Charms                 3
   e - Regeneration                   Charms/Necromancy            3


   Skills:
 * Level 3.1 Fighting
 * Level 13.6 Maces & Flails
 - Level 1.5 Armour
 + Level 0.8 Dodging
 * Level 7.0 Invocations


You had 10 spell levels left.
You didn't know any spells.

Dungeon Overview and Level Annotations

Branches:
Dungeon (11/15)            Temple (0/1) D:5            Lair (0/6) D:11
    Orc: D:9-12

Altars:
Ashenzari
Cheibriados
Elyvilon
Gozag
Hepliaklqana
Kikubaaqudgha
Nemelex Xobeh
Okawaru
Qazlal
Trog
Vehumet
Wu Jian
Xom
Yredelemnul
The Shining One

Shops:
D:4 *   D:6 =   D:9 (?(:


Innate Abilities, Weirdness & Mutations

You do not eat or drink.
Your flesh is vulnerable to fire.
You are immune to poison.
Your flesh is cold resistant. (rC+)
You are immune to negative energy. (rN+++)
You are immune to unholy pain and torment.
You can survive without breathing.


Message History

The sling bullet hits the two-headed ogre.
The sling bullet burns the two-headed ogre.
The two-headed ogre is moderately wounded.
Wield which item (- for none, * to show all)? (? for menu, Esc to quit)
The +6 hunting sling of the Saviour {flame, Int+9} stops flaming.
z - a +3 mace (weapon)
You hit the two-headed ogre but do no damage.
The two-headed ogre is moderately wounded.
You barely miss the two-headed ogre.
The two-headed ogre is moderately wounded.
The two-headed ogre hits you with a giant spiked club!!
The two-headed ogre hits you with a giant spiked club!
You hit the two-headed ogre but do no damage.
The two-headed ogre is moderately wounded.
You hit the two-headed ogre.
The two-headed ogre is moderately wounded.
The two-headed ogre hits you with a giant spiked club!!
* * * LOW HITPOINT WARNING * * *
The two-headed ogre hits you with a giant spiked club!!
You die...

##########.......#########.
.........#.................
#######..#######.........#
......#........#.........#
......#........#(........# ...
......#........#(........# ...
#####'#........#.........#####...
.............###O................
.............#..@...........O....
.............#...................
.............###÷##..######....#
..................#..#....#....#
................).'..#....)..###
##########'#####'##..#...O#..#
..................>..#....#..#
.............######..#....#..#
........###### #..#....#..#


You could see a two-headed ogre.

Vanquished Creatures
  2 two-headed ogres
  A centaur warrior (D:10)
  An ugly thing (D:10)
  A centaur zombie (D:11)
  2 trolls
  2 hippogriffs
  A wyvern (D:11)
  2 hungry ghosts
  2 black bears
  An orc warrior (D:9)
  4 sky beasts
  6 ice beasts
  3 phantoms
  A necrophage (D:11)
  4 ogres
  8 centaurs
  2 big kobolds
  6 bullfrogs
  5 scorpions
  4 killer bees
  7 wights
  6 howler monkeys
  8 crimson imps
  2 quasits
  A bullfrog zombie (D:8)
  3 centaur skeletons
  3 jellies
  4 orc priests
  5 bullfrog skeletons
  5 hounds
  9 orc wizards
  7 iguanas
  5 worker ants
  2 hound zombies (D:8)
  2 hound skeletons
  2 worker ant zombies (D:5)
  A howler monkey skeleton (D:9)
  15 gnolls
  12 adders
  2 shadow imps
  2 oozes
  2 worms
  A dart slug (D:2)
  8 leopard geckos
  31 orcs
  2 giant cockroaches
  8 goblins
  6 hobgoblins
  10 jackals
  6 quokkas
  6 bats
  8 frilled lizards
  19 kobolds
  A quokka skeleton (D:5)
  8 rats
  A spectral orc (D:2)
278 creatures vanquished.

Vanquished Creatures (others)
  A two-headed ogre (D:9)
  The ghost of loser178 the Transmogrifier, a journeyman OpTm of Cheibriados (D:8)
  An unseen horror (D:10)
  A wizard (D:3)
  A komodo dragon (D:11)
  2 trolls
  An orc warrior (D:6)
  An ogre (D:9)
9 creatures vanquished.

Grand Total: 287 creatures vanquished

Notes
Turn   | Place    | Note
-------+----------+-------------------------------------------
     0 | Abyss:1  | Kurtz the Mummy Abyssal Knight began the quest for the Orb.
     0 | Abyss:1  | Reached XP level 1. HP: 18/18 MP: 2/2
     6 | D:1      | Escaped the Abyss
   259 | D:1      | Found a sparkling altar of Nemelex Xobeh.
   262 | D:1      | Reached XP level 2. HP: 17/24 MP: 3/3
   370 | D:1      | Reached skill level 2 in Maces & Flails
   755 | D:1      | Reached ** piety under Lugonu
   798 | D:1      | Reached XP level 3. HP: 20/29 MP: 4/4
  1209 | D:2      | Found a basalt altar of Yredelemnul.
  1393 | D:2      | Reached skill level 3 in Maces & Flails
  1393 | D:2      | Reached XP level 4. HP: 24/35 MP: 5/5
  1549 | D:2      | You fall through a shaft for 2 floors!
  1614 | D:4      | Noticed an ogre
  1834 | D:3      | Found a radiant altar of Vehumet.
  1850 | D:3      | Found a bloodstained altar of Trog.
  1853 | D:3      | Noticed a wizard
  1858 | D:3      | Killed a wizard
  2213 | D:3      | You fall through a shaft for 2 floors!
  2213 | D:5      | Entered Level 5 of the Dungeon
  2236 | D:5      | Reached XP level 5. HP: 36/41 MP: 7/7
  2561 | D:4      | Found Edihepeifo's Elemental Accessories.
  2566 | D:4      | Bought a wand of lightning (10/15) for 196 gold pieces
  2627 | D:4      | Reached *** piety under Lugonu
  2743 | D:4      | Reached skill level 4 in Maces & Flails
  2770 | D:4      | Found a bloodstained altar of Trog.
  2816 | D:4      | Found a glowing golden altar of the Shining One.
  2906 | D:4      | Found a shattered altar of Ashenzari.
  2943 | D:4      | Killed an ogre
  2943 | D:4      | Reached XP level 6. HP: 33/47 MP: 8/8
  3202 | D:4      | Reached skill level 5 in Maces & Flails
  3672 | D:5      | Found an iron altar of Okawaru.
  3683 | D:5      | Found a shimmering altar of Xom.
  3788 | D:5      | Found a hazy altar of Hepliaklqana.
  3789 | D:5      | Noticed a spectral ugly thing
  3794 | D:5      | Found an opulent altar of Gozag.
  3797 | D:5      | Noticed an ice beast
  3811 | D:5      | Killed an ice beast
  3811 | D:5      | Reached XP level 7. HP: 49/52 MP: 9/9
  3939 | D:5      | Reached skill level 6 in Maces & Flails
  4211 | D:5      | Found a staircase to the Ecumenical Temple.
  4285 | D:5      | Reached skill level 7 in Maces & Flails
  4761 | D:6      | Noticed a troll
  4809 | D:6      | Reached XP level 8. HP: 34/58 MP: 10/10
  5526 | D:6      | Reached skill level 8 in Maces & Flails
  6146 | D:6      | Found Saush's Jewellery Shop.
  6215 | D:6      | Reached skill level 9 in Maces & Flails
  6509 | D:6      | Reached **** piety under Lugonu
  6509 | D:6      | Banished a troll
  6588 | D:7      | Found a white marble altar of Elyvilon.
  6672 | D:7      | Reached XP level 9. HP: 59/63 MP: 12/12
  7370 | D:8      | Reached skill level 10 in Maces & Flails
  7450 | D:8      | Noticed loser178's ghost (journeyman OpTm)
  7877 | D:8      | Banished loser178's ghost
  8086 | D:8      | Found an ornate altar of the Wu Jian Council.
  8183 | D:8      | Reached skill level 11 in Maces & Flails
  8588 | D:9      | Found Siteed's Magic Scroll Boutique.
  8663 | D:8      | Reached skill level 5 in Invocations
  8987 | D:8      | Reached XP level 10. HP: 64/70 MP: 13/13
  9117 | D:9      | Found Inne Rai's Weapon Boutique.
  9120 | D:9      | Found a snail-covered altar of Cheibriados.
  9247 | D:9      | Found Xumaff's Book Shop.
  9354 | D:9      | Found Xirouwn's Weapon Shoppe.
  9463 | D:9      | Bought 7 javelins for 84 gold pieces
  9463 | D:9      | Bought a +0 morningstar for 60 gold pieces
  9680 | D:9      | Bought a scroll of identify for 20 gold pieces
  9680 | D:9      | Bought a scroll of identify for 20 gold pieces
  9680 | D:9      | Bought a scroll of enchant armour for 75 gold pieces
  9808 | D:9      | Found an ancient bone altar of Kikubaaqudgha.
  9808 | D:9      | Found a stormy altar of Qazlal.
 10317 | D:10     | Entered Level 10 of the Dungeon
 10403 | D:10     | Noticed a two-headed ogre
 10430 | D:10     | Killed a two-headed ogre
 10430 | D:10     | Reached skill level 12 in Maces & Flails
 10444 | D:11     | HP: 3/70 [orc/flail of holy wrath (4)]
 10832 | D:11     | Noticed a centaur warrior
 11398 | D:9      | Noticed a two-headed ogre
 11402 | D:9      | Banished a two-headed ogre
 15316 | D:10     | Banished an unseen horror
 15754 | D:10     | Killed a centaur warrior
 15754 | D:10     | Reached XP level 11. HP: 33/75 MP: 4/15
 15838 | D:10     | Reached skill level 13 in Maces & Flails
 16659 | D:11     | Noticed a purple ugly thing
 16683 | D:10     | Killed a purple ugly thing
 16892 | D:11     | Found a staircase to the Lair.
 17970 | D:11     | Noticed a two-headed ogre
 18346 | D:11     | Noticed a two-headed ogre
 18365 | D:11     | Killed a two-headed ogre
 18430 | D:11     | Got a shimmering hunting sling
 18431 | D:11     | Identified the +6 hunting sling of the Saviour {flame, Int+9} (You took it off a crimson imp on level 11 of the Dungeon)
 18850 | D:11     | Noticed a two-headed ogre
 18863 | D:11     | Slain by a two-headed ogre

Vault maps used:
D:1:      eino_arrival_cavern_d, minivault_24, nemelex_diamond_rough_becter
D:2:      yredelemnul_forgotten_temple_becter
D:3:      lemuel_round_altar, trog_wizard
D:4:      lightli_temple_of_fire, nicolae_ashenzari_panopticon, kennysheep_mini,
          minmay_liquid_box, nicolae_elemental_shop
D:5:      regret_index_temple_of_mockery, nicolae_gozag_seed_capital,
          overflow_temple_1_default, minmay_temple_entry_hall, first_bread
D:6:      serial_shops, shop
D:7:      elyvilon_altar_4
D:8:      overflow_temple_1_default
D:9:      gammafunk_temple_overflow_wave, overflow_temple_1_default,
          serial_shops, nicolae_shop_competitors_out_of_business,
          nicolae_shop_waterfront, shop, shop, kennysheep_generic_room_6
D:11:     lair_entry_dummy, st_stairs_11

Skill      XL: |  1  2  3  4  5  6  7  8  9 10 11 |
---------------+----------------------------------+-----
Invocations    | 2 3 4 5 6 7 |  7.0
Maces & Flails | 2 3 4 5 7 9 11 12 13 | 13.6
Fighting       | |  3.1
Armour         | |  1.5
Dodging        | |  0.8

Action                   |  1- 3 |  4- 6 |  7- 9 | 10-12 || total
-------------------------+-------+-------+-------+-------++-------
Melee: Mace              |   126 |       |   651 |   505 ||  1282
       Whip              |    29 |   148 |    52 |       ||   229
       Flail             |       |    57 |    83 |    69 ||   209
       Morningstar       |       |       |       |    36 ||    36
 Fire: Blowgun           |       |       |       |     3 ||     3
       Hunting sling     |       |       |       |    12 ||    12
Throw: Stone             |       |       |       |     2 ||     2
       Throwing net      |       |       |       |     1 ||     1
       Javelin           |       |       |       |     3 ||     3
Invok: Bend Space        |       |       |     3 |     3 ||     6
       Banish            |       |       |     4 |     8 ||    12
Evoke: Wand              |       |     1 |     6 |    11 ||    18
  Use: Scroll            |       |       |     1 |    11 ||    12
Armor: Leather armour    |    64 |       |       |       ||    64
       Plate armour      |    35 |   133 |   678 |   193 ||  1039
       Chain mail        |       |       |       |   202 ||   202
       Troll leather arm |       |       |       |    26 ||    26
Dodge: Dodged            |   125 |    32 |   146 |   207 ||   510
